 Dungeon Crawl Stone Soup version 0.27-a0-1189-gb8eb6cee8e (webtiles) character file.

Game seed: 13040374424039239221

5719 Froggeryz the Martial Artist (level 10, -7/69 HPs)
             Began as an Octopode Ice Elementalist on May 23, 2021.
             Was a Believer of Cheibriados.
             Mangled by a hornet (13 damage)
             ... while paralysed by a hornet
             ... on level 9 of the Dungeon.
             The game lasted 00:15:39 (12398 turns).

Froggeryz the Martial Artist (OpIE)                Turns: 12398, Time: 00:15:39

Health: -7/69      AC:  1    Str: 22    XL:     10   Next: 76%
Magic:  5/13       EV:  2    Int: 30    God:    Cheibriados [**....]
Gold:   115        SH:  0    Dex: 22    Spells: 6/13 levels left

rFire    . . .     SeeInvis .     - Unarmed
rCold    + . .     Faith    .   (no shield)
rNeg     . . .     Spirit   .   (helmet restricted)
rPois    +         Reflect  .   (no amulet)
rElec    .         Harm     .   i - +6 ring of strength
rCorr    .         Rampage  .   e - ring of Gozag's Respect {Fly rPois Dex+4 Stlth-}
Will     .....                  k - ring of protection from cold
Stlth    +++.......             h - +6 ring of intelligence
HPRegen  0.21/turn              (no ring)
MPRegen  0.13/turn              (no ring)
                                (no ring)
                                (no ring)

@: paralysed, flying, very slow
A: almost no armour, amphibious, 8 rings, camouflage 1, gelatinous body 1,
(nimble swimmer 1), tentacles, strong 1, wild magic 1
a: Renounce Religion, Bend Time


You were on level 9 of the Dungeon.
You worshipped Cheibriados.
Cheibriados was pleased with you.
You visited 2 branches of the dungeon, and saw 10 of its levels.

You collected 562 gold pieces.
You spent 447 gold pieces at shops.

Inventory:

Missiles
 c - a curare-tipped dart
Jewellery
 e - the ring of Gozag's Respect (right tentacle) {Fly rPois Dex+4 Stlth-}
   (You bought it in a shop on level 6 of the Dungeon)

   [ring of flight]

   It affects your dexterity (+4).
   It protects you from poison.
   It grants you flight.
   It makes you less stealthy.
 h - a +6 ring of intelligence (on tentacle)
 i - a +6 ring of strength (left tentacle)
 k - a ring of protection from cold (on tentacle)
Wands
 p - a wand of flame (13)
Scrolls
 f - 3 scrolls of fog
 g - a scroll of holy word
 j - a scroll of torment {unknown}
 l - 2 scrolls of identify
 m - 2 scrolls of enchant armour
 o - a scroll of silence
 q - 3 scrolls of immolation
 r - a scroll of noise {unknown}
Potions
 a - a potion of lignification
 b - a potion of resistance {unknown}
 d - a potion of heal wounds
 n - a potion of invisibility
 s - a potion of cancellation {unknown}


   Skills:
 + Level 6.7 Fighting
 - Level 7.4 Dodging
 - Level 2.6 Stealth
 * Level 10.1 Unarmed Combat
 - Level 2.0 Spellcasting
 - Level 8.0 Ice Magic


You had 6 spell levels left.
You knew the following spells:

 Your Spells              Type           Power      Damage    Failure   Level
a - Freeze                Ice            100%       1d11      1%          1
b - Frozen Ramparts       Ice            100%       1d12      1%          3
c - Ozocubu's Armour      Ice            61%        N/A       1%          3

Your spell library contained the following spells:

 Spells                   Type           Power      Damage    Failure   Level
 Ensorcelled Hibernation  Hex/Ice        70%        N/A       4%          2
 Corona                   Hex            3%         N/A       12%         1
 Magic Dart               Conj           12%        1d3       12%         1
 Sandblast                Erth           6%         2d5       12%         1
 Blink                    Tloc           N/A        N/A       17%         2
 Call Imp                 Summ           3%         N/A       17%         2
 Passwall                 Tmut/Erth      2%         N/A       17%         2
 Slow                     Hex            3%         N/A       17%         2
 Hailstorm                Conj/Ice       35%        3d9       22%         4
 Confusing Touch          Hex            3%         N/A       32%         3
 Conjure Flame            Conj/Fire      3%         6-21      32%         3
 Dazzling Flash           Conj/Hex       6%         N/A       32%         3
 Mephitic Cloud           Conj/Pois/Air  3%         N/A       32%         3
 Stone Arrow              Conj/Erth      6%         3d7       32%         3
 Tukima's Dance           Hex            3%         N/A       32%         3
 Metabolic Englaciation   Hex/Ice        17%        N/A       47%         5
 Petrify                  Tmut/Erth      3%         N/A       69%         4
 Lee's Rapid Deconstruct  Erth           1%         3d5*      95%         5


Dungeon Overview and Level Annotations

Branches:
Dungeon (9/15)             Temple (1/1) D:5
   Lair: D:8-11         Orc: D:9-12

Altars:
Ashenzari
Cheibriados
Dithmenos
Elyvilon
Fedhas
Gozag
Hepliaklqana
Kikubaaqudgha
Makhleb
Nemelex Xobeh
Okawaru
Qazlal
Ru
Sif Muna
Trog
Uskayaw
Vehumet
Wu Jian
Xom
Yredelemnul
Zin
The Shining One

Shops:
D:5 *[(:[   D:6 *

Annotations:
D:7 3 runed translucent doors, glosham's ghost, weakling DjDe


Innate Abilities, Weirdness & Mutations

You cannot wear most types of armour.
You are amphibious.
You can wear up to eight rings at the same time.
Your skin changes colour to match your surroundings (Stealth+).
Your rubbery body absorbs attacks. (AC +1, EV +1)
((You are camouflaged near water. (Stealth+)))
You have tentacles for arms and can constrict up to eight enemies at once.
Your muscles are strong. (Str +2)
Your spells are a little harder to cast, but a little more powerful.


Message History

The howler monkey zombie completely resists.
The wall freezes the howler monkey zombie but does no damage.
The howler monkey zombie misses you.
You bludgeon the howler monkey zombie! You squeeze the howler monkey zombie.
You destroy the howler monkey zombie!
Cheibriados appreciates the change of pace.
You hear a bellow! x2; You hear a shout!
You closely miss the yak.
The wall freezes the yak!
The yak gores you.
You tentacle-slap the yak. Your squeeze misses the yak.
The yak is moderately wounded.
The wall freezes the yak.
The yak gores you but does no damage.
You tentacle-slap the yak but do no damage.
The yak is moderately wounded.
The wall freezes the kobold.
The wall freezes the yak!
The yak misses you.
You tentacle-slap the yak. You squeeze the yak!
You kill the yak!
Cheibriados appreciates the change of pace.
The frozen ramparts melt away.
The kobold throws a stone.
The stone closely misses you.
The kobold throws a stone.
The stone barely misses you.
No target in view!
You tentacle-slap the kobold.
You kill the kobold!
Cheibriados thoroughly appreciates the change of pace.
Your icy armour cracks and falls away as you move. 5 yaks, a hornet, 2 kobolds and an orc come into view.
The kobold brigand is wielding a +0 dagger and quivering curare-tipped darts.
The yak bellows! x3; You hear an angry hiss.
The hornet buzzes angrily.
You hear two shouts!
The hornet stings you!
You suddenly lose the ability to move!
A basilisk comes into view.
The hornet stings you!
* * * LOW HITPOINT WARNING * * *
The kobold brigand moves out of view.
The yak bellows!
You hear a shout!
Found a yak corpse, a war axe and 18 gold pieces.
The hornet stings you!
* * * LOW HITPOINT WARNING * * *
The hornet stings you!
You die...

####### #[†...###
#@###...##########
#.))yY###...........
#......Y..############
#..../...Yo.#
#...#####Y..# #....


YKl.# #... ...# #$.. K.)# You could see 5 yaks, a basilisk, a hornet, a kobold
brigand, an orc and a kobold.

Vanquished Creatures
  A centaur warrior (D:8)
  Maggie (D:7)
  A kobold demonologist (D:9)
  A troll (D:9)
  A wyvern (D:8)
  A vampire (D:6)
  7 yaks
  2 wraiths
  3 water moccasins
  2 orc warriors
  2 hornet zombies
  2 necrophages
  A sky beast (D:8)
  An ogre (D:5)
  3 centaurs
  A phantom (D:7)
  Blork the orc (D:5)
  A kobold brigand (D:6)
  A bullfrog (D:8)
  3 scorpions
  A water moccasin skeleton (D:5)
  6 wights
  2 centaur skeletons (D:7)
  A centaur zombie (D:7)
  A hound (D:5)
  2 bullfrog skeletons (D:5)
  2 orc priests
  4 jellies
  An iguana (D:5)
  2 orc wizards
  2 hound skeletons
  2 howler monkey zombies
  4 gnolls (D:3)
  8 adders
  3 white imps
  An ufetubus (D:5)
  2 adder skeletons
  3 worms
  2 dart slugs
  8 orcs
  7 endoplasms
  A giant cockroach (D:1)
  9 goblins
  7 hobgoblins
  6 jackals (D:1)
  3 quokkas
  2 ball pythons (D:1)
  5 bats
  2 frilled lizards (D:1)
  5 kobolds
  7 rats (D:1)
147 creatures vanquished.

Notes
Turn   | Place    | Note
-------+----------+-------------------------------------------
     0 | D:1      | Froggeryz the Octopode Ice Elementalist began the quest for
                  | the Orb.
     0 | D:1      | Reached XP level 1. HP: 11/11 MP: 3/3
   685 | D:1      | Reached XP level 2. HP: 11/17 MP: 3/5
  1058 | D:1      | Reached XP level 3. HP: 15/21 MP: 0/6
  1497 | D:1      | Found a faded altar of an unknown god.
  1899 | D:2      | Reached skill level 5 in Ice Magic
  1899 | D:2      | Reached XP level 4. HP: 24/27 MP: 3/7
  2832 | D:2      | Learned a level 3 spell: Frozen Ramparts
  3260 | D:3      | Reached XP level 5. HP: 31/31 MP: 5/8
  3455 | D:3      | Reached skill level 1 in Unarmed Combat
  4001 | D:4      | Reached XP level 6. HP: 36/36 MP: 3/9
  4518 | D:4      | Reached skill level 2 in Unarmed Combat
  4667 | D:4      | Identified the +1 ring mail of Enyt {Rampage}
  4790 | D:5      | Entered Level 5 of the Dungeon
  4932 | D:5      | Found Fooviec's Armour Shoppe.
  5024 | D:5      | Learned a level 3 spell: Ozocubu's Armour
  5032 | D:5      | Reached skill level 3 in Unarmed Combat
  5032 | D:5      | Reached XP level 7. HP: 24/41 MP: 3/10
  5226 | D:5      | Found Jopn's Book Shoppe.
  5298 | D:5      | Found Dogemo's Antique Armour Emporium.
  5486 | D:5      | Noticed Blork the orc
  5537 | D:5      | Killed Blork the orc
  5985 | D:5      | Found a staircase to the Ecumenical Temple.
  6054 | D:5      | Reached skill level 1 in Fighting
  6054 | D:5      | Reached skill level 4 in Unarmed Combat
  6054 | D:5      | Reached XP level 8. HP: 11/48 MP: 11/11
  6081 | Temple   | Entered the Ecumenical Temple
  6923 | Temple   | Became a worshipper of Cheibriados the Contemplative
  7325 | D:5      | Found Jearos's Weapon Emporium.
  7441 | D:5      | Found Soseisad's General Store.
  7456 | D:5      | Bought a scroll of blinking for 97 gold pieces
  7456 | D:5      | Bought a scroll of enchant armour for 97 gold pieces
  7718 | D:6      | Found a glowing golden altar of the Shining One.
  7730 | D:6      | Reached skill level 5 in Unarmed Combat
  8010 | D:6      | Found a stormy altar of Qazlal.
  8567 | D:6      | Found Afacousch's Assorted Antiques.
  8570 | D:6      | Bought a wavering copper ring for 115 gold pieces
  8570 | D:6      | Identified the ring of Gozag's Respect {Fly rPois Dex+4
                  | Stlth-} (You bought it in a shop on level 6 of the Dungeon)
  8571 | D:6      | Bought a scroll labelled JICAOWA KORANN for 23 gold pieces
  8583 | D:6      | Found a bloodstained altar of Trog.
  8584 | D:6      | Noticed a vampire
  8594 | D:6      | Gained mutation: Your muscles are strong. (Str +2) [potion
                  | of mutation]
  8594 | D:6      | Gained mutation: Your spells are a little harder to cast,
                  | but a little more powerful. [potion of mutation]
  8606 | D:6      | Killed a vampire
  8607 | D:6      | Reached skill level 6 in Unarmed Combat
  8942 | D:6      | Noticed a wraith
  8952 | D:6      | Killed a wraith
  8953 | D:6      | Reached XP level 9. HP: 41/60 MP: 6/12
  9248 | D:6      | Reached skill level 5 in Fighting
  9666 | D:6      | Bought an iron ring for 115 gold pieces
  9701 | D:7      | Reached * piety under Cheibriados
  9825 | D:7      | Reached skill level 7 in Unarmed Combat
  9975 | D:7      | Noticed a deep elf pyromancer
  9976 | D:7      | Found a runed translucent gate.
  9976 | D:7      | Found a runed translucent gate.
  9976 | D:7      | Noticed glosham's ghost (weakling DjDe)
  9978 | D:7      | Found a runed translucent gate.
 10207 | D:7      | Reached skill level 5 in Dodging
 10692 | D:7      | Noticed Maggie
 10703 | D:7      | HP: 2/61 [Maggie/+0 glaive (13)]
 10707 | D:7      | Killed Maggie
 11279 | D:8      | Noticed a centaur warrior
 11322 | D:8      | Reached skill level 8 in Unarmed Combat
 11367 | D:8      | Reached XP level 10. HP: 66/66 MP: 6/13
 11473 | D:8      | Reached ** piety under Cheibriados
 11952 | D:8      | Killed a centaur warrior
 11953 | D:8      | Reached skill level 9 in Unarmed Combat
 12121 | D:9      | Identified the +5 short sword of Diet Blood {vamp, rCorr}
 12360 | D:9      | Noticed a kobold demonologist
 12367 | D:9      | Killed a kobold demonologist
 12378 | D:9      | Reached skill level 10 in Unarmed Combat
 12396 | D:9      | Paralysed by a hornet for 3 turns
 12398 | D:9      | Mangled by a hornet

Illustrated notes

Levels and vault maps discovered:
D:1:      dpeg_arrival_houses_and_road, layout_basic,
          hellmonk_ecumenical_altar_blasted, minmay_rat_gold_closets
D:2:      layout_rooms
D:3:      layout_basic, minmay_misc_feat_enclosed
D:4:      layout_gridville, minmay_misc_feat_secret_circle
D:5:      layout_cave_pods, minmay_temple_entry_ruins, serial_shops,
          shop_fountains, shop, kennysheep_mini_moat, shop, shop_coins,
          kennysheep_windowed_goal, uniq_blork_the_orc
D:6:      layout_basic, nicolae_qazlal_general_emergency, serial_shops,
          nicolae_shop_behind_doors, grunt_ministairs_5,
          hangedman_abyss_or_decor_passed, minmay_crystal_room,
          hangedman_feature_mirror, hangedman_decor_peaks_small
D:7:      layout_gridville, gammafunk_ghost_split, corexii_leaking_fountain,
          uniq_maggie
D:8:      layout_basic
D:9:      layout_basic, grunt_potential
Temple:   nicolae_temple_the_god_donut

Skill      XL: |  1  2  3  4  5  6  7  8  9 10 |
---------------+-------------------------------+-----
Ice Magic      | 5 6 7 8 |  8.0
Dodging        | 3 6 7 |  7.4
Unarmed Combat | 1 3 4 6 8 10 | 10.1
Fighting       | 1 4 5 6 |  6.7
Stealth        | |  2.6
Spellcasting   | |  2.0

Action                   |  1- 3 |  4- 6 |  7- 9 | 10-12 || total
-------------------------+-------+-------+-------+-------++-------
Melee: Unarmed           |    62 |    70 |   130 |    49 ||   311
       Constrict         |    20 |    18 |    25 |     7 ||    70
       Tentacles         |    12 |    21 |    55 |    17 ||   105
       Punch             |       |     2 |     7 |     3 ||    12
 Cast: Freeze            |    24 |    26 |     4 |       ||    54
       Frozen Ramparts   |       |    11 |    24 |     8 ||    43
       Ozocubu's Armour  |       |     1 |    25 |     6 ||    32
  Use: Scroll            |       |       |    11 |       ||    11
       Potion            |       |       |     7 |       ||     7
 Stab: Sleeping          |     4 |     7 |     3 |       ||    14
Armor: Skin              |     8 |     4 |    31 |    10 ||    53
Dodge: Dodged            |    58 |    50 |    93 |    35 ||   236

Table legend: (Time is in decaauts)
 A = Elapsed time spent in this place.
 B = Non-inter-level travel time spent in this place.
 C = Inter-level travel time spent in this place.
 D = Time resting spent in this place.
 E = Time spent auto-exploring this place.
 F = Levels seen in this place.
 G = Mean time per level.
                   A        B        C        D        E       F      G
               +--------+--------+--------+--------+--------+-----+--------+
         Total |  13433 |  12995 |    438 |   1557 |  10063 |  10 | 1343.3 |
       Dungeon |  12573 |  12186 |    387 |   1557 |   9259 |   9 | 1397.0 |
        Temple |    860 |    809 |     51 |      0 |    804 |   1 |  860.0 |
               +--------+--------+--------+--------+--------+-----+--------+

Top non-repeatable levels by time:
     D:6: 2254 daAuts
     D:5: 2205 daAuts
     D:1: 1957 daAuts
     D:7: 1793 daAuts
     D:8: 1192 daAuts
     D:4: 1075 daAuts
     D:2: 1049 daAuts
  Temple: 860 daAuts
     D:3: 709 daAuts
     D:9: 334 daAuts
